| TOP OF THE 1ST |
|
Tucson Tarantulas batting - Pitching for Naperville Lazy Fisherman : RHP David Cone
|
|
Pitching: RHP David Cone
|
|
|
Batting: RHB Barry Wesson
|
0-0: Foul Ball, location: 2F 0-1: Ball 1-1: Fly out, F7 (Flyball, 7, EV 89.4 MPH)
|
|
Batting: RHB Jose Canseco
|
0-0: Ball 1-0: Foul Ball, location: 2F 1-1: Swinging Strike 1-2: Foul Ball, location: 2F 1-2: Strikes out swinging
|
|
Batting: RHB Wil Cordero
|
0-0: Called Strike 0-1: Ball 1-1: Ball 2-1: Foul Ball, location: 2F 2-2: SINGLE (Line Drive, 7S, EV 104.4 MPH)
|
|
Batting: RHB Dave McCarty
|
0-0: Fly out, F4 (Popup, 4M, EV 66.3 MPH)
|
| Top of the 1st over - 0 runs, 1 hit, 0 errors, 1 left on base; Tucson 0 - Naperville 0 |
| BOTTOM OF THE 1ST |
|
Naperville Lazy Fisherman batting - Pitching for Tucson Tarantulas : LHP Mark Langston
|
|
Pitching: LHP Mark Langston
|
|
|
Batting: RHB Juan Castro
|
0-0: Ball 1-0: Ground out 6-3 (Groundball, 6, EV 106.3 MPH)
|
|
Batting: RHB Jeffrey Hammonds
|
0-0: Ball 1-0: Called Strike 1-1: Swinging Strike 1-2: Strikes out swinging
|
|
Batting: RHB Pedro Munoz
|
0-0: Foul Ball, location: 2F 0-1: Ball 1-1: Called Strike 1-2: Ball 2-2: Fly out, F8 (Flyball, 8RXD, EV 101.9 MPH)
|
| Bottom of the 1st over - 0 runs, 0 hits, 0 errors, 0 left on base; Tucson 0 - Naperville 0 |
| TOP OF THE 2ND |
|
Tucson Tarantulas batting - Pitching for Naperville Lazy Fisherman : RHP David Cone
|
|
Batting: RHB Ray Holbert
|
0-0: Ball 1-0: Ball 2-0: Foul Ball, location: 2F 2-1: Ground out 4-3 (Groundball, 4, EV 106.9 MPH)
|
|
Batting: RHB Jack Voigt
|
0-0: Called Strike 0-1: Called Strike 0-2: Foul Ball, location: 2F 0-2: Strikes out swinging
|
|
Batting: RHB Todd Dunn
|
0-0: Ball 1-0: Ball 2-0: Foul Ball, location: 2F 2-1: SINGLE (Groundball, 56D, EV 110.6 MPH)
|
|
Batting: LHB Jorge Fabregas
|
0-0: Called Strike 0-1: Called Strike 0-2: Fly out, F7 (Line Drive, 7D, EV 97.5 MPH)
|
| Top of the 2nd over - 0 runs, 1 hit, 0 errors, 1 left on base; Tucson 0 - Naperville 0 |
| BOTTOM OF THE 2ND |
|
Naperville Lazy Fisherman batting - Pitching for Tucson Tarantulas : LHP Mark Langston
|
|
Batting: RHB David Bell
|
0-0: Ball 1-0: Ball 2-0: Ball 3-0: Called Strike 3-1: Base on Balls
|
|
Batting: RHB Joe Ayrault
|
0-0: Ball 1-0: Called Strike 1-1: Foul Ball, location: 2F 1-2: Ball 2-2: Ball 3-2: Fly out, F7 (Flyball, 78S, EV 80.0 MPH)
|
|
Batting: RHB Kent Anderson
|
0-0: Called Strike 0-1: Called Strike 0-2: Ball 1-2: Strikes out swinging
|
|
Batting: LHB Matt Luke
|
0-0: Fly out, F4 (Flyball, 3D, EV 88.8 MPH)
|
| Bottom of the 2nd over - 0 runs, 0 hits, 0 errors, 1 left on base; Tucson 0 - Naperville 0 |
| TOP OF THE 3RD |
|
Tucson Tarantulas batting - Pitching for Naperville Lazy Fisherman : RHP David Cone
|
|
Batting: SHB Hanley Frias
|
0-0: Foul Ball, location: 2F 0-1: DOUBLE (Line Drive, 9LM, EV 110.6 MPH)
|
|
Batting: RHB Barry Wesson
|
0-0: SINGLE (Groundball, 25, EV 68.8 MPH) (infield hit) Hanley Frias to third
|
|
Batting: RHB Jose Canseco
|
0-0: Ball 1-0: Fly out, F8 (Flyball, 89D, EV 95.6 MPH) Runner from 3rd tags up, SCORES, no throw by CF
|
|
Batting: RHB Wil Cordero
|
0-0: Ball 1-0: Foul Ball, location: 2F 1-1: Foul Ball, location: 2F 1-2: Ball 2-2: Fly out, F7 (Flyball, 7, EV 75.0 MPH)
|
|
Batting: RHB Dave McCarty
|
0-0: Called Strike 0-1: Fly out, F9 (Flyball, 9S, EV 89.4 MPH)
|
| Top of the 3rd over - 1 run, 2 hits, 0 errors, 1 left on base; Tucson 1 - Naperville 0 |
| BOTTOM OF THE 3RD |
|
Naperville Lazy Fisherman batting - Pitching for Tucson Tarantulas : LHP Mark Langston
|
|
Batting: LHB Dan Peltier
|
0-0: Ball 1-0: Called Strike 1-1: Foul Ball, location: 2F 1-2: Ball 2-2: Ground out U3 (Groundball, 3L, EV 103.1 MPH)
|
|
Batting: SHB Walt Weiss
|
0-0: Ball 1-0: Called Strike 1-1: Ball 2-1: Ground out 3-1 (Groundball, 34, EV 101.3 MPH)
|
|
Batting: RHB Juan Castro
|
0-0: Foul Ball, location: 2F 0-1: Foul Ball, location: 2F 0-2: Ball 1-2: Foul Ball, location: 2F 1-2: Fly out, F7 (Flyball, 7D, EV 86.9 MPH)
|
| Bottom of the 3rd over - 0 runs, 0 hits, 0 errors, 0 left on base; Tucson 1 - Naperville 0 |
| TOP OF THE 4TH |
|
Tucson Tarantulas batting - Pitching for Naperville Lazy Fisherman : RHP David Cone
|
|
Batting: RHB Ray Holbert
|
0-0: Foul Ball, location: 2F 0-1: Fly out, F9 (Flyball, 9LSF, EV 90.6 MPH)
|
|
Batting: RHB Jack Voigt
|
0-0: Swinging Strike 0-1: Ball 1-1: SINGLE (Groundball, 4D, EV 109.4 MPH)
|
|
Batting: RHB Todd Dunn
|
0-0: Ball 1-0: Swinging Strike 1-1: DOUBLE (Line Drive, 9LS, EV 96.9 MPH) Jack Voigt to third
|
|
Batting: LHB Jorge Fabregas
|
0-0: 3-RUN HOME RUN (Flyball, 9D, EV 101.3 MPH), Distance : 362 ft
|
|
Batting: SHB Hanley Frias
|
0-0: Called Strike 0-1: Ground out 4-3 (Groundball, 34, EV 80.6 MPH)
|
|
Batting: RHB Barry Wesson
|
0-0: Ball 1-0: Called Strike 1-1: Swinging Strike 1-2: Strikes out swinging
|
| Top of the 4th over - 3 runs, 3 hits, 0 errors, 0 left on base; Tucson 4 - Naperville 0 |
| BOTTOM OF THE 4TH |
|
Naperville Lazy Fisherman batting - Pitching for Tucson Tarantulas : LHP Mark Langston
|
|
Batting: RHB Jeffrey Hammonds
|
0-0: Foul Ball, location: 2F 0-1: Ball 1-1: Ball 2-1: Fly out, F9 (Flyball, 9LM, EV 81.9 MPH)
|
|
Batting: RHB Pedro Munoz
|
0-0: Called Strike 0-1: Foul Ball, location: 2F 0-2: Ball 1-2: Strikes out swinging
|
|
Batting: RHB David Bell
|
0-0: Ball 1-0: Ball 2-0: Called Strike 2-1: Foul Ball, location: 2F 2-2: SOLO HOME RUN (Line Drive, 7LD, EV 100.0 MPH), Distance : 374 ft
|
|
Batting: RHB Joe Ayrault
|
0-0: SOLO HOME RUN (Flyball, 7D, EV 104.4 MPH), Distance : 394 ft
|
|
Batting: RHB Kent Anderson
|
0-0: Called Strike 0-1: Foul Ball, location: 2F 0-2: Ball 1-2: Ball 2-2: Strikes out swinging
|
| Bottom of the 4th over - 2 runs, 2 hits, 0 errors, 0 left on base; Tucson 4 - Naperville 2 |
| TOP OF THE 5TH |
|
Tucson Tarantulas batting - Pitching for Naperville Lazy Fisherman : RHP David Cone
|
|
Batting: RHB Jose Canseco
|
0-0: Ball 1-0: Called Strike 1-1: Swinging Strike 1-2: Strikes out swinging
|
|
Batting: RHB Wil Cordero
|
0-0: Ball 1-0: Fly out, F8 (Flyball, 8LM, EV 88.8 MPH)
|
|
Batting: RHB Dave McCarty
|
0-0: Called Strike 0-1: Ball 1-1: Ground out 6-3 (Groundball, 6, EV 84.4 MPH)
|
| Top of the 5th over - 0 runs, 0 hits, 0 errors, 0 left on base; Tucson 4 - Naperville 2 |
| BOTTOM OF THE 5TH |
|
Naperville Lazy Fisherman batting - Pitching for Tucson Tarantulas : LHP Mark Langston
|
|
Batting: LHB Matt Luke
|
0-0: Foul Ball, location: 2F 0-1: Swinging Strike 0-2: Ball 1-2: Ball 2-2: Ground out 4-3 (Groundball, 34D, EV 91.9 MPH)
|
|
Batting: LHB Dan Peltier
|
0-0: Ground out 4-3 (Groundball, 4D, EV 106.3 MPH)
|
|
Batting: SHB Walt Weiss
|
0-0: Ball 1-0: Ball 2-0: Ball 3-0: Base on Balls
|
|
Batting: RHB Juan Castro
|
0-0: Called Strike 0-1: Foul Ball, location: 2F 0-2: Strikes out swinging
|
| Bottom of the 5th over - 0 runs, 0 hits, 0 errors, 1 left on base; Tucson 4 - Naperville 2 |
| TOP OF THE 6TH |
|
Tucson Tarantulas batting - Pitching for Naperville Lazy Fisherman : RHP David Cone
|
|
Batting: RHB Ray Holbert
|
0-0: Swinging Strike 0-1: Ball 1-1: Ball 2-1: Foul Ball, location: 2F 2-2: Strikes out swinging
|
|
Batting: RHB Jack Voigt
|
0-0: Foul Ball, location: 2F 0-1: Swinging Strike 0-2: Strikes out swinging wild pitch, reaches first!
|
|
Batting: RHB Todd Dunn
|
0-0: Called Strike 0-1: Called Strike 0-2: Strikes out looking
|
|
Batting: LHB Jorge Fabregas
|
0-0: Called Strike 0-1: Ball 1-1: Ball 2-1: Foul Ball, location: 2F 2-2: Strikes out swinging
|
| Top of the 6th over - 0 runs, 0 hits, 0 errors, 1 left on base; Tucson 4 - Naperville 2 |
| BOTTOM OF THE 6TH |
|
Naperville Lazy Fisherman batting - Pitching for Tucson Tarantulas : LHP Mark Langston
|
|
Batting: RHB Jeffrey Hammonds
|
0-0: Swinging Strike 0-1: Foul Ball, location: 2F 0-2: Foul Ball, location: 2F 0-2: Foul Ball, location: 2F 0-2: Strikes out swinging
|
|
Batting: RHB Pedro Munoz
|
0-0: Ball 1-0: Fly out, F1 (Popup, 15, EV 83.1 MPH)
|
|
Batting: RHB David Bell
|
0-0: Foul Ball, location: 2F 0-1: Foul Ball, location: 2F 0-2: Ground out 6-3 (Groundball, 6, EV 100.0 MPH)
|
| Bottom of the 6th over - 0 runs, 0 hits, 0 errors, 0 left on base; Tucson 4 - Naperville 2 |
| TOP OF THE 7TH |
|
Tucson Tarantulas batting - Pitching for Naperville Lazy Fisherman : RHP David Cone
|
|
Pitching: RHP Carlos C. Maldonado
|
|
|
Batting: SHB Hanley Frias
|
0-0: Ball 1-0: Foul Ball, location: 2F 1-1: DOUBLE (Groundball, 3L, EV 97.5 MPH)
|
|
Batting: RHB Barry Wesson
|
0-0: Called Strike 0-1: Ball 1-1: Ball 2-1: Swinging Strike 2-2: Ground out 4-3 (Groundball, 4D, EV 99.4 MPH) Hanley Frias to third
|
|
Batting: RHB Jose Canseco
|
0-0: Ball 1-0: Called Strike 1-1: Ball 2-1: Ball 3-1: Foul Ball, location: 2F 3-2: Base on Balls
|
|
Batting: RHB Wil Cordero
|
0-0: Ball Jose Canseco steals 2nd base 1-0: Intentional Walk
|
|
Batting: RHB Dave McCarty
|
0-0: Ball 1-0: Foul Ball, location: 2F 1-1: Called Strike 1-2: Ball 2-2: Foul Ball, location: 2F 2-2: Strikes out swinging
|
|
Batting: RHB Ray Holbert
|
0-0: Ball 1-0: Called Strike 1-1: Swinging Strike 1-2: Foul Ball, location: 2F 1-2: Ball 2-2: Ball Wild Pitch! Hanley Frias scores Jose Canseco to third Wil Cordero to second 3-2: Fly out, F9 (Flyball, 9D, EV 100.6 MPH)
|
| Top of the 7th over - 1 run, 1 hit, 0 errors, 2 left on base; Tucson 5 - Naperville 2 |
| BOTTOM OF THE 7TH |
|
Naperville Lazy Fisherman batting - Pitching for Tucson Tarantulas : LHP Mark Langston
|
|
Pitching: RHP Calvin Schiraldi
|
|
|
Batting: RHB Joe Ayrault
|
0-0: Ball 1-0: Called Strike 1-1: Foul Ball, location: 2F 1-2: Ball 2-2: Foul Ball, location: 2F 2-2: Ball 3-2: Foul Ball, location: 2F 3-2: Base on Balls
|
|
Batting: RHB Kent Anderson
|
0-0: Bunted foul 0-1: Bunted foul 0-2: Strikes out swinging
|
|
Batting: LHB Matt Luke
|
0-0: Called Strike 0-1: Ball 1-1: Called Strike 1-2: Ball 2-2: Strikes out swinging
|
|
Batting: LHB Dan Peltier
|
0-0: Ball 1-0: Foul Ball, location: 2F 1-1: Ball 2-1: Called Strike 2-2: Ball 3-2: Base on Balls Joe Ayrault to second
|
|
Batting: SHB Walt Weiss
|
0-0: Foul Ball, location: 2F 0-1: Ball 1-1: Ball 2-1: Fielders Choice at 2nd, 6-4 (Groundball, 6, EV 80.0 MPH)
|
| Bottom of the 7th over - 0 runs, 0 hits, 0 errors, 2 left on base; Tucson 5 - Naperville 2 |
| TOP OF THE 8TH |
|
Tucson Tarantulas batting - Pitching for Naperville Lazy Fisherman : RHP Carlos C. Maldonado
|
|
Batting: RHB Jack Voigt
|
0-0: Ground out 3-1 (Groundball, 34, EV 76.9 MPH)
|
|
Batting: RHB Todd Dunn
|
0-0: Fly out, F7 (Flyball, 7LMF, EV 81.3 MPH)
|
|
Batting: LHB Jorge Fabregas
|
0-0: DOUBLE (Groundball, 5L, EV 103.8 MPH)
|
|
Batting: SHB Hanley Frias
|
0-0: Reached on error, E1 (Groundball, 15, EV 71.9 MPH) Jorge Fabregas scores
|
|
Batting: RHB Barry Wesson
|
0-0: Called Strike 0-1: Foul Ball, location: 2F 0-2: Foul Ball, location: 2F 0-2: Ball 1-2: Ball 2-2: Strikes out swinging
|
| Top of the 8th over - 1 run, 1 hit, 1 error, 1 left on base; Tucson 6 - Naperville 2 |
| BOTTOM OF THE 8TH |
|
Naperville Lazy Fisherman batting - Pitching for Tucson Tarantulas : RHP Calvin Schiraldi
|
|
Pitching: RHP James Baldwin
|
|
|
Batting: RHB Juan Castro
|
0-0: Ball 1-0: Ball 2-0: Called Strike 2-1: Swinging Strike 2-2: Ground out 6-3 (Groundball, 6, EV 91.3 MPH)
|
|
Batting: RHB Jeffrey Hammonds
|
0-0: Called Strike 0-1: Foul Ball, location: 2F 0-2: Ball 1-2: Ball 2-2: Ground out 6-3 (Groundball, 6, EV 106.3 MPH)
|
|
Batting: RHB Pedro Munoz
|
0-0: Ball 1-0: SOLO HOME RUN (Flyball, 7LD, EV 100.6 MPH), Distance : 363 ft
|
|
Batting: RHB David Bell
|
0-0: Foul Ball, location: 2F 0-1: Ball 1-1: Ball 2-1: Foul Ball, location: 2F 2-2: Foul Ball, location: 2F 2-2: Ball 3-2: Strikes out swinging
|
| Bottom of the 8th over - 1 run, 1 hit, 0 errors, 0 left on base; Tucson 6 - Naperville 3 |
| TOP OF THE 9TH |
|
Tucson Tarantulas batting - Pitching for Naperville Lazy Fisherman : RHP Carlos C. Maldonado
|
|
Batting: RHB Jose Canseco
|
0-0: Ball 1-0: Foul Ball, location: 2F 1-1: Foul Ball, location: 2F 1-2: Ball 2-2: Foul Ball, location: 2F 2-2: SINGLE (Flyball, 89M, EV 93.8 MPH)
|
|
Pitching: RHP Pete Young
|
|
|
Batting: RHB Wil Cordero
|
0-0: Foul Ball, location: 2F 0-1: Ball 1-1: DOUBLE (Line Drive, 7LS, EV 98.8 MPH) Jose Canseco to third Runner from 3rd tries for Home, SAFE, throw by LF to trailing runner, SAFE at third!
|
|
Batting: RHB Dave McCarty
|
0-0: Ball 1-0: Fly out, F7 (Line Drive, 7, EV 96.3 MPH) Runner from 3rd tags up, SCORES, throw by LF
|
|
Batting: RHB Ray Holbert
|
0-0: Called Strike 0-1: Swinging Strike 0-2: Foul Ball, location: 2F 0-2: Ball 1-2: Strikes out looking
|
|
Batting: RHB Jack Voigt
|
0-0: Fly out, F6 (Popup, 6S, EV 82.5 MPH)
|
| Top of the 9th over - 2 runs, 2 hits, 0 errors, 0 left on base; Tucson 8 - Naperville 3 |
| BOTTOM OF THE 9TH |
|
Naperville Lazy Fisherman batting - Pitching for Tucson Tarantulas : RHP James Baldwin
|
|
Batting: RHB Joe Ayrault
|
0-0: Ball 1-0: Ball 2-0: Called Strike 2-1: Ball 3-1: Ground out 1-3 (Groundball, 23, EV 68.1 MPH)
|
|
Batting: RHB Kent Anderson
|
0-0: Ball 1-0: Foul Ball, location: 2F 1-1: Ball 2-1: SINGLE (Groundball, 6MD, EV 97.5 MPH)
|
|
Pitching: RHP Sean Bergman
|
|
|
Batting: LHB Matt Luke
|
0-0: Fielders Choice at 2nd, 4-6 (Groundball, 4, EV 91.3 MPH)
|
|
Batting: LHB Dan Peltier
|
0-0: Ball Wild Pitch! Matt Luke to second 1-0: Swinging Strike 1-1: Foul Ball, location: 2F 1-2: Ball 2-2: Ball 3-2: SINGLE (Line Drive, 8RS, EV 93.8 MPH) Matt Luke to third Matt Luke scores
|
|
Batting: SHB Walt Weiss
|
0-0: Ball 1-0: Foul Ball, location: 2F 1-1: Ball 2-1: Called Strike 2-2: Foul Ball, location: 2F 2-2: Ball 3-2: Base on Balls Dan Peltier to second
|
|
Pitching: RHP Keith Foulke
|
|
|
Batting: RHB Juan Castro
|
0-0: SINGLE (Line Drive, 6MD, EV 103.1 MPH) Dan Peltier to third Walt Weiss to second
|
|
Batting: RHB Jeffrey Hammonds
|
0-0: Called Strike 0-1: Foul Ball, location: 2F 0-2: Ball 1-2: DOUBLE (Line Drive, 78XD, EV 110.0 MPH) Dan Peltier scores Walt Weiss scores Juan Castro to third
|
|
Batting: RHB Pedro Munoz
|
0-0: Called Strike 0-1: Swinging Strike 0-2: Foul Ball, location: 2F 0-2: Ball 1-2: Foul Ball, location: 2F 1-2: Strikes out looking
|
| Bottom of the 9th over - 3 runs, 4 hits, 0 errors, 2 left on base; Tucson 8 - Naperville 6 |
|